 Dungeon Crawl Stone Soup version 0.29-a0-529-gfa20dd96a1 (webtiles) character file.

Game seed: 15794572853225866887

1064 xian the Conjurer (level 8, -7/60 HPs)
             Began as a Red Draconian Conjurer on June 2, 2022.
             Splashed by a jelly's acid (11 damage)
             ... on level 5 of the Dungeon.
             The game lasted 00:15:03 (5806 turns).

xian the Conjurer (Red Draconian Conjurer)          Turns: 5806, Time: 00:15:03

Health: -7/60      AC: -12   Str: 10    XL:     8   Next: 6%
Magic:  0/16       EV: 12    Int: 21    God:
Gold:   211        SH:  0    Dex:  9    Spells: 3/17 levels left

rFire   + + .      SeeInvis .   o - +0 short sword
rCold   . . .      Faith    .   (no shield)
rNeg    . . .      Spirit   .   (body armour unavailable)
rPois   .          Reflect  .   l - +1 hat
rElec   .          Harm     .   (no cloak)
rCorr   .          Rampage  .   t - +0 pair of gloves
Will    .....                   (no boots)
Stlth   ++........              (no amulet)
HPRegen 0.20/turn               i - ring of protection from fire
MPRegen 0.15/turn               (no ring)

@: short of breath, corroded
A: breathe fire, AC +6, unfitting armour, fire resistance 1, cold-blooded
a: Breathe Fire


You were on level 5 of the Dungeon.
You visited 1 branch of the dungeon, and saw 5 of its levels.

You collected 211 gold pieces.

Inventory:

Hand Weapons
 o - a +0 short sword (weapon)
Missiles
 b - 8 poisoned darts
 g - a throwing net
Armour
 d - the +2 robe "Emiydem" {rF- rN++ rCorr Stlth+}
   (You found it on level 3 of the Dungeon)

   rF:        It makes you vulnerable to fire.
   rN:        It greatly protects you from negative energy.
   rCorr:     It protects you from acid and corrosion.
   Stlth:     It makes you more stealthy.
 l - a +1 hat (worn)
 t - a +0 pair of gloves (worn)
Jewellery
 i - a ring of protection from fire (left hand)
Wands
 a - a wand of mindburst (5)
 p - a wand of flame (14)
Scrolls
 f - a scroll of immolation
 m - a scroll of fear
 n - a scroll of brand weapon {unknown}
 u - a scroll of enchant weapon {unknown}
 v - a scroll of magic mapping {unknown}
Potions
 c - a potion of mutation {unknown}
 e - a potion of lignification
 h - a potion of attraction
 j - 5 potions of curing
 k - 2 potions of brilliance {unknown}
 q - a potion of flight {unknown}
 r - a potion of magic
 s - a potion of might {unknown}


   Skills:
 + Level 1.7 Fighting
 + Level 1.5 Short Blades
 + Level 1.1 Maces & Flails
 + Level 3.1 Dodging
 + Level 3.4 Stealth
 + Level 5.4 Spellcasting
 + Level 6.8 Conjurations


You had 3 spell levels left.
You knew the following spells:

 Your Spells              Type           Power      Damage    Failure   Level
a - Magic Dart            Conj           100%       1d8       1%          1
b - Searing Ray           Conj           68%        2d6       1%          2
c - Iskenderun's Mystic   Conj/Tloc      20%        2d6       26%         4
d - Dazzling Flash        Conj/Hex       40%        N/A       8%          3
e - Fulminant Prism       Conj/Hex       10%        3d9       26%         4

Your spell library contained the following spells:

 Spells                   Type           Power      Damage    Failure   Level
 Necrotize                Necr           20%        1d5       11%         1
 Sublimation of Blood     Necr           5%         N/A       16%         2
 Vampiric Draining        Necr           5%         2d6       30%         3
 Irradiate                Conj/Tmut      10%        3d16      56%         5
 Petrify                  Tmut/Erth      5%         N/A       71%         4
 Agony                    Necr           5%         N/A       96%         5


Dungeon Overview and Level Annotations

Branches:
Dungeon (5/15)
 Temple: D:4-7

Altars:
Makhleb


Innate Abilities, Weirdness & Mutations

You can breathe blasts of fire.
Your fiery red scales are hard. (AC +6)
You cannot fit into any form of body armour.
Your flesh is heat resistant. (rF+)
You are cold-blooded and may be slowed by cold attacks.


Message History

(Press . to maintain the ray.)
The jelly barely misses you.
The searing ray hits the adder!
You kill the adder!
The jelly hits you but does no damage. The jelly attacks as you move away!
The jelly hits you. The acid corrodes you!
You are splashed with acid!
Items here: )) [[ †††.
The jelly attacks as you move away! The jelly barely misses you.
Items here: )) [ †.
Casting: Searing Ray (safe; 1% risk of failure)
Confirm with . or Enter, or press ? or * to list all spells.
Aiming: Searing Ray (safe; 1% risk of failure)
Press: ? - help, Shift-Dir - straight line, f - jelly
Aim: a jelly (lightly wounded, 100% to hit)
The searing ray hits the jelly.
The jelly is heavily wounded. (Press . to maintain the ray.)
The jelly hits you. The acid corrodes you!
You are splashed with acid!
The searing ray hits the jelly!
The jelly is almost dead.
The jelly misses you.
You hit the jelly but do no damage. The acid corrodes you!
Your hands burn!
You tail-slap the jelly, but do no damage.
The jelly is almost dead.
The jelly hits you.
You are splashed with acid!
* * * LOW HITPOINT WARNING * * *
You hit the jelly but do no damage.
Your hands burn!
* * * LOW HITPOINT WARNING * * *
You tail-slap the jelly, but do no damage.
The jelly is almost dead.
The jelly closely misses you.
You hit the jelly but do no damage. The acid corrodes you!
Your hands burn!
* * * LOW HITPOINT WARNING * * *
You tail-slap the jelly, but do no damage.
The jelly is severely wounded.
The jelly hits you.
* * * LOW HITPOINT WARNING * * *
You are splashed with acid!
You die...

###
######.############
.......<@J).?......
##.###))###########
#..# #..#
#.###..######
#O5..<.......
#.o##..###### #
#.... ##.#.#


You could see a jelly.

Vanquished Creatures
  Grinder (D:3)
  A steam dragon (D:4)
  Menkaure (D:4)
  2 ogres
  A phantom (D:4)
  2 scorpions
  Ijyb (D:4)
  An orc wizard (D:5)
  Natasha (D:4)
  4 gnolls (D:3)
  5 adders
  A white imp (D:5)
  2 ufetubi
  3 worms
  3 dart slugs (D:2)
  5 orcs
  5 bats
  6 endoplasms
  A giant cockroach (D:3)
  7 goblins
  6 hobgoblins
  3 jackals (D:2)
  7 kobolds
  8 quokkas
  6 ball pythons
  5 frilled lizards
  3 rats
91 creatures vanquished.

Notes
Turn   | Place    | Note
-------+----------+-------------------------------------------
     0 | D:1      | xian the Draconian Conjurer began the quest for the Orb.
     0 | D:1      | Reached XP level 1. HP: 14/14 MP: 3/3
   110 | D:1      | Found a faded altar of an unknown god.
   433 | D:1      | Reached XP level 2. HP: 3/20 MP: 0/5
  1196 | D:2      | Learned a level 2 spell: Searing Ray
  1214 | D:2      | Reached XP level 3. HP: 26/26 MP: 0/6
  2141 | D:2      | Reached XP level 4. HP: 33/33 MP: 5/7
  2603 | D:3      | Noticed Grinder
  2810 | D:3      | Killed Grinder
  2811 | D:3      | Reached skill level 5 in Conjurations
  2811 | D:3      | Reached XP level 5. HP: 10/38 MP: 7/10
  2811 | D:3      | Reached XP level 6. HP: 12/45 MP: 7/11
  3101 | D:3      | Found a burning altar of Makhleb.
  3138 | D:3      | Identified the +2 robe "Emiydem" {rF- rN++ rCorr Stlth+}
  3172 | D:3      | Reached skill level 1 in Maces & Flails
  3935 | D:4      | Noticed Ijyb
  3951 | D:4      | Killed Ijyb
  4288 | D:4      | Noticed Menkaure
  4295 | D:4      | Killed Menkaure
  4296 | D:4      | Reached skill level 1 in Fighting
  4296 | D:4      | Reached skill level 1 in Short Blades
  4296 | D:4      | Reached skill level 6 in Conjurations
  4296 | D:4      | Your scales start taking on a fiery red colour.
  4296 | D:4      | Reached XP level 7. HP: 40/52 MP: 3/13
  4296 | D:4      | Gained mutation: Your flesh is heat resistant. (rF+) [Red
                  | Draconian growth]
  4967 | D:4      | Learned a level 4 spell: Iskenderun's Mystic Blast
  5021 | D:4      | Noticed Natasha
  5025 | D:4      | Killed Natasha
  5314 | D:4      | Noticed a steam dragon
  5316 | D:4      | Killed a steam dragon
  5317 | D:4      | Reached skill level 5 in Spellcasting
  5638 | D:4      | Learned a level 3 spell: Dazzling Flash
  5643 | D:4      | Learned a level 4 spell: Fulminant Prism
  5759 | D:5      | Entered Level 5 of the Dungeon
  5794 | D:5      | Reached XP level 8. HP: 49/60 MP: 7/16
  5806 | D:5      | Splashed by a jelly's acid

Illustrated notes

Levels and vault maps discovered:
D:1:      dpeg_arrival_stone_temple_mockup, layout_basic, serial_bayou,
          serial_bayou_lagoon_a, serial_bayou_shore_a, serial_bayou_pond_d,
          serial_bayou_pond_c, basic_ecumenical_altar
D:2:      layout_basic
D:3:      layout_loops_ring, bloody_makhleb, amcnicky_mini_pool_small,
          kennysheep_generic_room_3, uniq_grinder
D:4:      layout_basic, uniq_ijyb, uniq_menkaure, uniq_natasha
D:5:      layout_loops_ring, vehumet_crystals, lemuel_tele_altar,
          mainiacjoe_overflow_concentric_impassable, temple_fountains,
          gammafunk_ghost_gnarly_gnolls

Skill      XL: |  1  2  3  4  5  6  7 |
---------------+----------------------+-----
Dodging        | 2 3 |  3.1
Stealth        | 2 3 |  3.4
Spellcasting   | 3 4 5 |  5.4
Conjurations   | 5 6 |  6.8
Maces & Flails | 1 |  1.1
Fighting       | 1 |  1.7
Short Blades   | 1 |  1.5

Action                   |  1- 3 |  4- 6 |  7- 9 || total
-------------------------+-------+-------+-------++-------
Melee: Unarmed           |    11 |       |       ||    11
       Club              |    21 |       |       ||    21
       Tailslap          |     5 |     2 |     3 ||    10
       Punch             |     1 |       |       ||     1
       Short sword       |       |    11 |     6 ||    17
 Cast: Magic Dart        |    68 |    44 |    14 ||   126
       Searing Ray       |     2 |    13 |     7 ||    22
 Abil: Breathe Fire      |       |       |     4 ||     4
  Use: Scroll            |     3 |     1 |     1 ||     5
       Potion            |       |     1 |       ||     1
Armor: Skin              |    11 |    12 |     7 ||    30
Dodge: Dodged            |    33 |    26 |    27 ||    86

Table legend: (Time is in decaauts)
 A = Elapsed time spent in this place.
 B = Non-inter-level travel time spent in this place.
 C = Inter-level travel time spent in this place.
 D = Time resting spent in this place.
 E = Time spent auto-exploring this place.
 F = Levels seen in this place.
 G = Mean time per level.
                   A        B        C        D        E       F      G
               +--------+--------+--------+--------+--------+-----+--------+
         Total |   5840 |   5742 |     98 |    268 |   4737 |   5 | 1168.0 |
       Dungeon |   5840 |   5742 |     98 |    268 |   4737 |   5 | 1168.0 |
               +--------+--------+--------+--------+--------+-----+--------+

Top non-repeatable levels by time:
     D:4: 1843 daAuts
     D:3: 1461 daAuts
     D:2: 1284 daAuts
     D:1: 1222 daAuts
     D:5: 29 daAuts
